 Dungeon Crawl Stone Soup version 0.25.1-8-g42b30a86e7 (webtiles) character file.

Game seed: 2718339267579262598

243786 Clowwww the Executioner (level 19, -5/179 HPs)
             Began as a Hill Orc Fighter on Dec 5, 2020.
             Was the Champion of Ashenzari.
             Slain by a golden dragon simulacrum (27 damage)
             ... in an ice cave.
             The game lasted 02:10:36 (30926 turns).

Clowwww the Executioner (Hill Orc Fighter)         Turns: 30926, Time: 02:10:37

Health: -5/179     AC: 24    Str: 27    XL:     19   Next: 42%
Magic:  22/22      EV: 17    Int:  5    God:    Ashenzari [******]
Gold:   1876       SH: 18    Dex: 10    Spells: 18/18 levels left

rFire    . . .     SeeInvis +   a - +7 war axe (drain) (curse)
rCold    . . .     Gourm    .   c - +2 kite shield (curse)
rNeg     . . .     Faith    .   s - +6 ring mail of the Blacksmith {rPois rF- Regen+ rCorr} (curse)
rPois    +         Spirit   .   x - +2 helmet (curse)
rElec    .         Reflect  .   (no cloak)
rCorr    +         Harm     .   e - +2 pair of gloves (curse)
MR       +++..     Clarity  +   l - +2 pair of boots (curse)
Stlth    ++........             Q - necklace of Bloodlust {*Rage +Rage MR++ Int-3 Slay+6 *Curse} (curse)
HPRegen  0.79/turn              S - ring "Wixkyh Heis" {+Fly rC+} (curse)
MPRegen  0.18/turn              t - ring of fire (curse)

@: no status effects
A: no striking features
}: 2/15 runes: decaying, gossamer
a: Curse Item, Scrying, Transfer Knowledge, Renounce Religion, Evoke Berserk
Rage, Evoke Flight


You were in an ice cave.
You worshipped Ashenzari.
Ashenzari was exalted by your worship.
You were hungry.

You visited 8 branches of the dungeon, and saw 35 of its levels.
You also visited: Ice Cave and Volcano.

You collected 2964 gold pieces.
You spent 1088 gold pieces at shops.

Inventory:

Hand Weapons
 a - a cursed +7 war axe of draining (weapon)
 i - a +2 battleaxe of electrocution
 K - the +3 mace of Ytunauj {venom, rPois rF+ rC++ Dex-3}
   (You found it on level 6 of the Lair of Beasts)

   It poisons the flesh of those it strikes.
   It affects your dexterity (-3).
   It protects you from fire.
   It greatly protects you from cold.
   It protects you from poison.
Missiles
 z - a silver boomerang
 A - 33 boomerangs (quivered)
 V - 3 throwing nets
Armour
 c - a cursed +2 kite shield (worn)
 e - a cursed +2 pair of gloves (worn)
 l - a cursed +2 pair of boots (worn)
 s - the cursed +6 ring mail of the Blacksmith (worn) {rPois rF- Regen+ rCorr}
   (You found it on level 5 of the Dungeon)

   It makes you vulnerable to fire.
   It protects you from poison.
   It increases your rate of regeneration.
   It provides partial protection from all sources of acid and corrosion.
   It has a curse placed upon it.
 x - a cursed +2 helmet (worn)
 D - the cursed +14 crystal plate armour of Ennui {+Fly rC+}
   (You acquired it on level 2 of the Swamp)

   It protects you from cold.
   It lets you fly.
   It has a curse placed upon it.
Jewellery
 m - an uncursed ring of positive energy
 t - a cursed ring of fire (right hand)
 u - a +4 ring of protection
 v - a +6 ring of dexterity
 B - an uncursed ring of resist corrosion
 G - an uncursed ring of positive energy
 Q - the cursed necklace of Bloodlust (around neck) {*Rage +Rage MR++ Int-3 Slay+6 *Curse}
   (You bought it in a shop on level 14 of the Dungeon)

   [amulet of nothing]

   It affects your intelligence (-3).
   It affects your accuracy and damage with ranged weapons and melee attacks
   (+6).
   It affects your resistance to hostile enchantments.
   It lets you go berserk.
   It may make you go berserk in combat.
   It curses itself when equipped.
   It has a curse placed upon it.
 S - the cursed ring "Wixkyh Heis" (left hand) {+Fly rC+}
   (You bought it in a shop on level 2 of the Orcish Mines)

   [ring of flight]

   It protects you from cold.
   It lets you fly.
   It has a curse placed upon it.
 W - an uncursed amulet of reflection
Wands
 g - a wand of flame (11)
 C - a wand of enslavement (29)
 F - a wand of digging (18)
 L - a wand of polymorph (8)
 O - a wand of disintegration (32)
 Z - a wand of clouds (4)
Scrolls
 k - 4 scrolls of magic mapping
 p - 13 scrolls of teleportation
 q - 2 scrolls of blinking
 y - 7 scrolls of amnesia
 H - 6 scrolls of identify
 N - 11 scrolls of remove curse
 P - 2 scrolls of fog
 R - 2 scrolls of silence
 U - 2 scrolls of fear
Potions
 b - 2 potions of flight
 h - 15 potions of curing
 j - 2 potions of cancellation
 n - 3 potions of haste
 w - 3 potions of stabbing
 E - 4 potions of might
 I - 3 potions of invisibility
 J - 3 potions of ambrosia
 T - 3 potions of heal wounds
Comestibles
 f - 44 rations


   Skills:
 + Level 18.2 Fighting
 + Level 21.7(25.1) Axes
 + Level 6.8 Throwing
 + Level 10.0(12.8) Armour
 + Level 11.0(13.7) Dodging
 + Level 6.1 Stealth
 + Level 17.7(20.1) Shields
 + Level 4.3(8.6) Evocations


You had 18 spell levels left.
You didn't know any spells.
Your spell library contained the following spells:

 Spells                   Type           Power        Failure   Level  Hunger
 Corona                   Hex            #......      47%         1    ##.....
 Sandblast                Erth           #.....       47%         1    ##.....
 Sting                    Tmut/Pois      #...         47%         1    ##.....
 Ensorcelled Hibernation  Hex/Ice        #.....       63%         2    ###....
 Passwall                 Tmut/Erth      #.......     63%         2    ###....
 Poisonous Vapours        Pois/Air       #.....       63%         2    ###....
 Sticks to Snakes         Tmut           #.......     63%         2    ###....
 Confusing Touch          Hex            #.......     85%         3    ####...
 Conjure Flame            Conj/Fire      #.......     85%         3    ####...
 Dazzling Flash           Conj/Hex       #.....       85%         3    ####...
 Gell's Gravitas          Tloc           #.........   85%         3    ####...
 Ignite Poison            Fire/Tmut/Pois #.......     85%         3    ####...
 Mephitic Cloud           Conj/Pois/Air  #.......     85%         3    ####...
 Static Discharge         Conj/Air       #.......     85%         3    ####...
 Stone Arrow              Conj/Erth      #.....       85%         3    ####...
 Tukima's Dance           Hex            #.......     85%         3    ####...
 Cause Fear               Hex            #.........   99%         4    #####..
 Olgreb's Toxic Radiance  Pois           #.......     99%         4    #####..
 Petrify                  Tmut/Erth      #.......     99%         4    #####..
 Irradiate                Conj/Tmut      #.........   100%        5    ######.
 Lee's Rapid Deconstruct  Erth           #.........   100%        5    ######.
 Lightning Bolt           Conj/Air       #.........   100%        5    ######.
 Metabolic Englaciation   Hex/Ice        #.........   100%        5    ######.
 Silence                  Hex/Air        #.........   100%        5    ######.
 Yara's Violent Unravell  Hex/Tmut       #.........   100%        5    ######.
 Eringya's Noxious Bog    Tmut/Pois      #.........   100%        6    #######
 Freezing Cloud           Conj/Ice/Air   #.........   100%        6    #######
 Hydra Form               Tmut           #.........   100%        6    #######
 Statue Form              Tmut/Erth      #........    100%        6    #######
 Dragon Form              Tmut           #.........   100%        7    #######
 Ring of Flames           Chrm/Fire      #.........   100%        7    #######
 Discord                  Hex            #.........   100%        8    #######
 Ignition                 Fire           #.........   100%        8    #######
 Shatter                  Erth           #.........   100%        9    #######
 Tornado                  Air            #.........   100%        9    #######


Dungeon Overview and Level Annotations

Branches:
Dungeon (15/15)            Temple (1/1) D:5            Lair (6/6) D:10
  Swamp (4/4) Lair:4       Spider (4/4) Lair:3        Slime (2/5) Lair:6
    Orc (2/2) D:12            Elf (1/3) Orc:2        Vaults (0/5) D:14
 Depths (0/5) D:15          IceCv (1/1)             Volcano (visited)

Altars:
Ashenzari
Cheibriados
Dithmenos
Elyvilon
Gozag
Kikubaaqudgha
Makhleb
Nemelex Xobeh
Okawaru
Qazlal
Ru
Sif Muna
Trog
Uskayaw
Vehumet
Wu Jian
Xom
Yredelemnul
Zin
Beogh
Jiyva

Shops:
D:14 =   D:15 %((   Orc:2 *(*[

Annotations:
Lair:2 3 runed translucent doors, destino's ghost, journeyman OpMo


Message History

The anaconda simulacrum is almost destroyed.
The anaconda simulacrum constricts you. The anaconda simulacrum freezes you!
The anaconda simulacrum misses you.
You slice the anaconda simulacrum!!
The anaconda simulacrum vapourises!
You hit the iron troll simulacrum but do no damage.
You hit the iron troll simulacrum.
The iron troll simulacrum is lightly damaged.
You hit the iron troll simulacrum.
The iron troll simulacrum is lightly damaged.
You slice the golden dragon simulacrum!!
The golden dragon simulacrum bites you!
The golden dragon simulacrum freezes you!!
The golden dragon simulacrum claws you.
The golden dragon simulacrum freezes you!!!
* * * LOW HITPOINT WARNING * * *
The golden dragon simulacrum tramples you!
* * * LOW HITPOINT WARNING * * *
The golden dragon simulacrum freezes you!!
You die...

* *,*,* *
** * , *
** ≈≈ , *
,* , * ≈
** * **
*,** ≈ *
, *** ≈
####≈ * *
, **≈ ≈
#..##≈
*,* , *
#°Z.## *,
*,, *
##@#..##,
, *
#.#Z...#
,, *, *
#.○##..#,
, , *##
#..#* ..#
,,* ##.
##.#≈# .#
** * #..
#.###≈#*
#∆ * *
,#.. #.#
*≈≈# ∆ ,,
##.#
#.##≈ ##
***
**,#..#
#..# * **
*,#.##


You could see a golden dragon simulacrum and an iron troll simulacrum.

Vanquished Creatures
  Arachne (Spider:2)
  Jorgrun (Spider:2)
  Gastronok (Lair:2)
  3 acid blobs (Slime:1)
  Donald (Spider:2)
  Kirke (Lair:5)
  3 thorn hunters
  A frost giant (D:15)
  An azure jelly (Slime:1)
  6 emperor scorpions
  4 ghost moths (Spider:4)
  A stone giant (Orc:1)
  7 entropy weavers
  Nessos (Lair:5)
  2 spark wasps (Spider:4)
  A dire elephant (Lair:6)
  Azrael (D:15)
  2 ettins (D:15)
  3 fire dragons (Swamp:4)
  4 great orbs of eyes (D:15)
  4 vault guards (D:15)
  An ice dragon (D:14)
  A rakshasa (D:14)
  15 hydras
  3 shambling mangroves
  3 ghost crabs
  A catoblepas (Lair:6)
  A deep troll shaman (Lair:6)
  4 centaur warriors
  4 death knights (D:12)
  An anaconda (Lair:6)
  11 alligators
  12 death yaks
  A queen ant (Spider:4)
  An ogre mage (D:15)
  7 two-headed ogres
  3 tengu warriors (D:15)
  A dancing weapon (Elf:1)
  5 orc high priests
  Sonja (Lair:1)
  2 fire crabs
  9 spriggans
  4 unseen horrors
  13 swamp dragons
  9 wizards (D:14)
  4 spriggan druids
  A skeletal warrior (D:12)
  3 lindwurms
  5 orc knights
  22 wolf spiders
  18 orb spiders
  5 deep elf magi
  5 manticores
  4 orc sorcerers (Orc:2)
  2 oklob plants
  4 cyclopes
  9 ugly things
  An elephant (shapeshifter) (D:15)
  2 black mambas (Lair:6)
  6 moths of wrath
  13 elephants
  A molten gargoyle (Swamp:4)
  3 centaur zombies
  A torpor snail (Spider:4)
  A gargoyle (D:14)
  An ice statue (Elf:1)
  25 spiny frogs
  2 rime drakes (Lair:6)
  7 komodo dragons
  2 yaktaurs (D:15)
  5 kobold demonologists
  3 freezing wraiths
  An anaconda simulacrum (IceCv)
  14 demonic crawlers
  2 tengu conjurers (D:14)
  34 jumping spiders
  7 trolls
  A wolf spider simulacrum (D:15)
  5 tyrant leeches
  21 hornets
  6 bog bodies
  11 hippogriffs
  17 blink frogs
  8 slime creatures
  50 redbacks
  2 wraiths (D:12)
  Sigmund (D:2)
  3 shadows
  4 centaur simulacra
  A wyvern (D:13)
  27 yaks
  A water elemental (Elf:1)
  38 tarantellas
  A hog (shapeshifter) (D:15)
  3 fire elementals
  A dire elephant simulacrum (IceCv)
  6 basilisks
  4 hogs (Lair:5)
  5 steam dragons
  8 vampire mosquitoes (Swamp:3)
  A warg (Orc:2)
  3 hungry ghosts
  8 insubstantial wisps (Swamp:2)
  15 soldier ants
  2 acid dragons
  2 harpy simulacra (IceCv)
  16 swamp worms
  6 hell hounds
  12 water moccasins
  4 porcupines
  4 sky beasts
  16 swamp drakes
  An ice beast (shapeshifter) (D:15)
  6 ice beasts
  28 orc warriors
  2 hornet zombies
  An eye of draining (Slime:1)
  8 black bears
  9 ogres
  A phantom (D:10)
  An alligator simulacrum (IceCv)
  15 wolves
  16 centaurs
  19 crocodiles
  3 big kobolds
  16 bullfrogs
  A wyvern skeleton (D:8)
  3 scorpions
  An elephant simulacrum (IceCv)
  6 killer bees (D:7)
  14 wights
  3 howler monkeys (D:13)
  3 electric eels
  10 crimson imps
  2 bullfrog zombies
  5 centaur skeletons
  4 hounds
  4 bullfrog skeletons
  17 orc priests
  A gnoll shaman (D:10)
  3 jellies
  30 orc wizards
  3 iguanas
  30 worker ants
  A spriggan simulacrum (IceCv)
  3 hound zombies
  A hound skeleton (D:4)
  A howler monkey skeleton (D:8)
  2 worker ant zombies
  11 adders
  5 gnolls
  2 naga simulacra (IceCv)
  5 shadow imps
  2 white imps (IceCv)
  3 ufetubi (IceCv)
  3 oozes
  8 leopard geckos
  110 orcs
  A ball python (D:2)
  A giant cockroach (D:2)
  15 goblins
  15 hobgoblins
  12 jackals
  24 kobolds
  5 quokkas
  14 bats
  2 frilled lizards
  3 leopard gecko skeletons
  2 leopard gecko zombies (D:6)
  7 rats
  A fungus (Lair:6)
  A plant (Lair:1)
1214 creatures vanquished.

Vanquished Creatures (others)
  2 swamp dragons
  An orb spider (Spider:4)
  A slime creature (Slime:1)
  An orc warrior (Orc:1)
  A crimson imp (D:14)
  An orc priest (Orc:2)
  An orc wizard (D:4)
  2 briar patches (Swamp:2)
  A fungus (Lair:1)
  5 plants
16 creatures vanquished.

Grand Total: 1230 creatures vanquished

Notes
Turn   | Place    | Note
-------+----------+-------------------------------------------
     0 | D:1      | Clowwww the Hill Orc Fighter began the quest for the Orb.
     0 | D:1      | Reached XP level 1. HP: 19/19 MP: 1/1
   201 | D:1      | Reached XP level 2. HP: 27/27 MP: 2/2
   327 | D:1      | Reached skill level 3 in Axes
   336 | D:1      | Reached XP level 3. HP: 26/33 MP: 3/3
   740 | D:2      | Noticed Sigmund
   759 | D:2      | Killed Sigmund
   759 | D:2      | Reached skill level 5 in Axes
   759 | D:2      | Reached XP level 4. HP: 41/41 MP: 4/4
   759 | D:2      | Reached XP level 5. HP: 47/47 MP: 5/5
   824 | D:2      | Found a white marble altar of Elyvilon.
  1106 | D:2      | Reached XP level 6. HP: 48/53 MP: 6/6
  1575 | D:3      | Reached skill level 1 in Dodging
  1895 | D:3      | Reached skill level 6 in Axes
  2153 | D:3      | Found a shimmering blue altar of Sif Muna.
  2166 | D:3      | Found a radiant altar of Vehumet.
  2179 | D:3      | Found a glowing silver altar of Zin.
  2191 | D:3      | Found a shimmering altar of Xom.
  2389 | D:4      | Found a sparkling altar of Nemelex Xobeh.
  2529 | D:4      | Found a sacrificial altar of Ru.
  2536 | D:4      | Reached XP level 7. HP: 50/60 MP: 7/7
  2887 | D:4      | Reached skill level 7 in Axes
  2892 | D:4      | Reached skill level 5 in Shields
  2952 | D:4      | Found a basalt altar of Yredelemnul.
  3035 | D:5      | Entered Level 5 of the Dungeon
  3163 | D:5      | Got an aquamarine-encrusted ring mail
  3164 | D:5      | Identified the +6 ring mail of the Blacksmith {rPois rF-
                  | Regen+ rCorr} (You found it on level 5 of the Dungeon)
  3240 | D:5      | Reached skill level 8 in Axes
  3270 | D:5      | Found a staircase to the Ecumenical Temple.
  3279 | Temple   | Entered the Ecumenical Temple
  3342 | Temple   | Became a worshipper of Ashenzari the Shackled
  3483 | D:5      | Reached skill level 5 in Fighting
  3483 | D:5      | Reached XP level 8. HP: 52/68 MP: 8/8
  3572 | D:5      | Found a basalt altar of Yredelemnul.
  3956 | D:6      | Reached skill level 9 in Axes
  3961 | D:6      | Reached skill level 5 in Armour
  3965 | D:6      | Reached skill level 1 in Stealth
  4071 | D:6      | Found a hide-covered altar of Uskayaw.
  4071 | D:6      | Noticed a +0 hand axe
  4071 | D:6      | Noticed a +0 hand axe
  4614 | D:6      | Reached skill level 10 in Axes
  5025 | D:6      | Reached * piety under Ashenzari
  5329 | D:7      | Noticed a hippogriff
  5340 | D:7      | Killed a hippogriff
  5340 | D:7      | Reached XP level 9. HP: 63/75 MP: 9/9
  5592 | D:7      | Reached skill level 11 in Axes
  6285 | D:7      | Found a sparkling altar of Nemelex Xobeh.
  6389 | D:8      | Reached XP level 10. HP: 72/86 MP: 10/10
  6390 | D:8      | Reached skill level 12 in Axes
  6421 | D:8      | Reached ** piety under Ashenzari
  6700 | D:8      | Identified the amulet "Law Mocw" {Inacc rF+ Int+3}
  7184 | D:9      | Found an opulent altar of Gozag.
  7536 | D:9      | Found a bloodstained altar of Trog.
  7843 | D:10     | Entered Level 10 of the Dungeon
  7843 | D:10     | Reached *** piety under Ashenzari
  7999 | D:10     | Identified the cursed +0 plate armour "Fawij" {Dex+2}
  8012 | D:10     | Noticed an unseen horror
  8016 | D:10     | Noticed an unseen horror
  8025 | D:10     | Killed an unseen horror
  8025 | D:10     | Reached skill level 1 in Throwing
  8031 | D:10     | Killed an unseen horror
  8031 | D:10     | Reached skill level 13 in Axes
  8096 | D:10     | Reached XP level 11. HP: 91/97 MP: 11/11
  8134 | D:10     | Reached skill level 14 in Axes
  8280 | D:10     | Found a staircase to the Lair.
  8846 | D:11     | Noticed a two-headed ogre
  8858 | D:11     | Killed a two-headed ogre
  8922 | D:11     | Noticed a two-headed ogre
  8933 | D:11     | Killed a two-headed ogre
  9109 | D:11     | Noticed an unseen horror
  9120 | D:11     | Killed an unseen horror
  9174 | D:11     | Reached skill level 15 in Axes
  9243 | D:11     | Reached skill level 10 in Fighting
  9556 | D:11     | Reached **** piety under Ashenzari
  9933 | D:12     | Noticed a manticore
  9944 | D:12     | Killed a manticore
 10033 | D:12     | Reached XP level 12. HP: 107/107 MP: 12/12
 10126 | D:12     | Found a staircase to the Orcish Mines.
 10175 | D:12     | Reached skill level 5 in Dodging
 10194 | D:12     | Identified Gyler's Compendium of Shifting Toxins
 10258 | D:12     | Noticed a death knight
 10272 | D:12     | Noticed a death knight
 10335 | D:12     | Killed a death knight
 10522 | D:12     | Noticed a death knight
 10552 | D:12     | Killed a death knight
 11168 | D:13     | Noticed a centaur warrior
 11190 | D:13     | Killed a centaur warrior
 11285 | D:13     | Reached skill level 16 in Axes
 11693 | D:14     | Noticed a two-headed ogre
 11705 | D:14     | Killed a two-headed ogre
 11757 | D:14     | Found a shadowy altar of Dithmenos.
 11759 | D:14     | Noticed a centaur warrior
 11774 | D:14     | Killed a centaur warrior
 11786 | D:14     | Reached skill level 10 in Shields
 11913 | D:14     | Noticed a rakshasa
 11937 | D:14     | Killed a rakshasa
 12021 | D:14     | Noticed an ice dragon
 12033 | D:14     | Killed an ice dragon
 12033 | D:14     | Reached XP level 13. HP: 62/116 MP: 13/13
 12180 | D:14     | Found a gate to the Vaults.
 12206 | D:14     | Reached ***** piety under Ashenzari
 12211 | D:14     | Found Vasmank's Jewellery Emporium.
 12218 | D:14     | Bought the cursed necklace of Bloodlust {*Rage +Rage MR++
                  | Int-3 Slay+6 *Curse} for 562 gold pieces
 12218 | D:14     | Found the cursed necklace of Bloodlust {*Rage +Rage MR++
                  | Int-3 Slay+6 *Curse}
 12268 | D:14     | Reached skill level 1 in Evocations
 12493 | D:14     | Found the +3 warlock's mirror {reflect}
 12831 | D:14     | Found a bloodstained altar of Trog.
 12970 | D:15     | Entered Level 15 of the Dungeon
 12990 | D:15     | Noticed a vault guard
 12990 | D:15     | Noticed a great orb of eyes
 13000 | D:15     | Killed a great orb of eyes
 13005 | D:15     | Killed a vault guard
 13005 | D:15     | Reached skill level 17 in Axes
 13015 | D:15     | Noticed an ettin
 13022 | D:15     | Killed an ettin
 13111 | D:15     | Identified the ring of the Hero {EV+4 Str+6 Int-4}
 13183 | D:15     | Noticed a great orb of eyes
 13184 | D:15     | Noticed a vault guard
 13193 | D:15     | Killed a great orb of eyes
 13196 | D:15     | Killed a vault guard
 13212 | D:15     | Found Pirghutz's Weapon Emporium.
 13259 | D:15     | Reached XP level 14. HP: 94/127 MP: 15/15
 13468 | D:15     | Found Wupieth's Antique Weapon Emporium.
 13673 | D:15     | Found Sutoti's Food Emporium.
 13953 | D:15     | Noticed a frost giant
 13959 | D:15     | Killed a frost giant
 13996 | D:15     | Noticed Azrael
 13998 | D:15     | Identified the ring "Fopuidop" {SInv Stlth+}
 14008 | D:15     | Killed Azrael
 14008 | D:15     | Reached skill level 18 in Axes
 14131 | D:15     | Found a staircase to the Depths.
 14147 | D:15     | Identified the ring of Poyw {rPois rF- Dex+4}
 14909 | Lair:1   | Entered Level 1 of the Lair of Beasts
 15061 | Lair:1   | Reached XP level 15. HP: 137/137 MP: 17/17
 15318 | Lair:1   | Reached skill level 5 in Throwing
 15365 | Lair:1   | Identified the +1 robe of Resilience {+Blink rF- Int+3
                  | Dex+9}
 15436 | Lair:1   | Noticed Sonja
 15446 | Lair:1   | Killed Sonja
 15856 | Lair:2   | Noticed Gastronok
 15868 | Lair:2   | Killed Gastronok
 16186 | Lair:2   | Identified the +4 chain mail of Hopscotch {rElec rCorr}
 16243 | Lair:2   | Found a runed translucent gate.
 16243 | Lair:2   | Found a runed translucent gate.
 16243 | Lair:2   | Found a runed translucent gate.
 16244 | Lair:2   | Noticed destino's ghost (journeyman OpMo)
 16586 | Lair:2   | Reached ****** piety under Ashenzari
 16848 | Lair:3   | Found a hole to the Spider Nest.
 17774 | Lair:4   | Found a dark tunnel.
 17781 | Volcano  | Entered a volcano
 18318 | Lair:4   | Found a staircase to the Swamp.
 18835 | Lair:5   | Reached skill level 19 in Axes
 18839 | Lair:5   | Noticed Kirke
 18854 | Lair:5   | Killed Kirke
 19164 | Lair:5   | Noticed Nessos
 19174 | Lair:5   | Killed Nessos
 19372 | Lair:6   | Entered Level 6 of the Lair of Beasts
 19372 | Lair:6   | Found a staircase to the Slime Pits.
 19372 | Lair:6   | Found a viscous altar of Jiyva.
 19433 | Lair:6   | Reached XP level 16. HP: 147/147 MP: 18/18
 19564 | Lair:6   | Reached skill level 15 in Fighting
 19809 | Lair:6   | Reached skill level 5 in Stealth
 20073 | Lair:6   | Identified the +3 mace of Ytunauj {venom, rPois rF+ rC++
                  | Dex-3}
 20390 | Spider:1 | Entered Level 1 of the Spider Nest
 21557 | Spider:2 | Noticed Arachne
 21623 | Spider:2 | Killed Arachne
 21623 | Spider:2 | Reached skill level 15 in Shields
 21809 | Spider:2 | Noticed Jorgrun
 21824 | Spider:2 | Killed Jorgrun
 21824 | Spider:2 | Reached XP level 17. HP: 136/158 MP: 20/20
 22039 | Spider:2 | Noticed Donald
 22052 | Spider:2 | Killed Donald
 22302 | Spider:3 | Reached skill level 20 in Axes
 22985 | Spider:4 | Entered Level 4 of the Spider Nest
 24205 | Spider:4 | Reached XP level 18. HP: 144/168 MP: 0/21
 24207 | Spider:4 | Reached skill level 10 in Dodging
 24490 | Spider:4 | Got a gossamer rune of Zot
 24760 | Slime:1  | Entered Level 1 of the Pits of Slime
 25429 | Swamp:1  | Entered Level 1 of the Swamp
 25721 | Swamp:1  | Identified a scroll of acquirement
 26335 | Swamp:2  | Reached skill level 21 in Axes
 26697 | Swamp:2  | Acquired the cursed +14 crystal plate armour of Ennui {+Fly
                  | rC+}
 27765 | Swamp:4  | Entered Level 4 of the Swamp
 28067 | Swamp:4  | Reached XP level 19. HP: 101/179 MP: 22/22
 28532 | Swamp:4  | Got a decaying rune of Zot
 28818 | Swamp:4  | Identified the cursed +1 halberd "Ukihi" {venom, rN+}
 29352 | Orc:1    | Entered Level 1 of the Orcish Mines
 29416 | Orc:1    | Found a radiant altar of Vehumet.
 29715 | Orc:2    | Entered Level 2 of the Orcish Mines
 30176 | Orc:2    | Found a staircase to the Elven Halls.
 30455 | Orc:2    | Found Biphun's Antique Weapon Shoppe.
 30455 | Orc:2    | Found Kaesuela's Assorted Antiques.
 30462 | Orc:2    | Found Donivuti's Antique Armour Shoppe.
 30462 | Orc:2    | Found Woewuine's Assorted Antiques.
 30543 | Orc:2    | Bought a scroll of remove curse for 105 gold pieces
 30545 | Orc:2    | Bought a heavily runed copper ring for 115 gold pieces
 30545 | Orc:2    | Identified the ring "Wixkyh Heis" {+Fly rC+} (You bought it
                  | in a shop on level 2 of the Orcish Mines)
 30549 | Orc:2    | Bought a spiked ring mail for 306 gold pieces
 30549 | Orc:2    | Identified the cursed +1 ring mail "Ufeg" {rC- Regen+ rCorr
                  | Slay+5} (You bought it in a shop on level 2 of the Orcish
                  | Mines)
 30638 | Orc:2    | Found a roughly hewn altar of Beogh.
 30747 | Elf:1    | Entered Level 1 of the Elven Halls
 30803 | Elf:1    | Found a frozen archway.
 30827 | IceCv    | Entered an ice cave
 30875 | IceCv    | Reached skill level 10 in Armour
 30926 | IceCv    | Slain by a golden dragon simulacrum

Illustrated notes

Levels and vault maps discovered:
D:1:      onia_arrival_mini_spirals, layout_basic
D:2:      layout_loops_ring, first_ration, elyvilon_altar_5, uniq_sigmund
D:3:      layout_loops_cross, nicolae_overflow_quartered_altars, minivault_14
D:4:      layout_loops_cross, marbit_many_paths,
          nemelex_xobeh_ov_fountains_minmay, old_standard_altar
D:5:      layout_loops_ring, minmay_temple_entry_glassed_door,
          yredelemnul_altar_generic
D:6:      corexii_shantytown, layout_layer_cave, dancing_weapons_uskayaw
D:7:      layout_basic, serial_rivers, chequers_serial_rivers_small_b,
          chequers_serial_rivers_room_b, chequers_serial_rivers_room_a,
          chequers_serial_rivers_large_b, chequers_serial_rivers_large_a,
          nemelex_diamond_rough_becter
D:8:      layout_cave_pools, blue_anna_alchemist [blue_anna_fruit_fields,
          blue_anna_fruit_fields]
D:9:      layout_loops_corners, grunt_gozag_breadcrumbs, trog_book
D:10:     layout_stronghold, david_lair_generic
D:11:     layout_loops_ring, kennysheep_generic_room_15
D:12:     cheibrodos_tormentor_scu, layout_stronghold, david_orc_2
D:13:     layout_cave_pools
D:14:     minmay_smoke_and_mirrors, layout_rooms, david_vaults_4,
          nicolae_dithmenos_through_a_glass_darkly, serial_shops,
          nicolae_shop_behind_doors, lemuel_altar_in_water2
D:15:     hangedman_spin_cycle
Temple:   nicolae_temple_figure_eight
Lair:1:   layout_gridlike, serial_bayou_shore_a, grunt_megastairs_4, uniq_sonja
Lair:2:   layout_cave_pods, gammafunk_ghost_hydra_chop, st_stairs_10,
          infiniplex_staircase_pool, grunt_megastairs_1, uniq_gastronok
Lair:3:   layout_big_grid, spider_nest_entry_a, patterned_corridor
Lair:4:   layout_cave_pods, nicolae_swamp_entry_splash_gauntlet,
          nicolae_volcano_entry_vermiform, grunt_megastairs_5,
          serial_bayou_shore_b
Lair:5:   layout_gridlike, uniq_kirke, uniq_nessos
Lair:6:   grunt_lair_end_beastmaster, layout_cave_shapes, slime_altar_1,
          chequers_serial_rivers_small_a, hangedman_lair_generics_rect,
          serial_bayou_shore_b, lemuel_fruit_tree
Swamp:1:  layout_basic_swamp, hangedman_swamp_cone, swamp_pool1
Swamp:2:  layout_basic_swamp, evilmike_swamp_ruin_house_1
Swamp:3:  layout_basic_swamp, evilmike_swamp_ruin_rubble_2
Swamp:4:  swamp_fiery, layout_basic_swamp
Spider:1: layout_spider_delve
Spider:2: layout_spider_delve, uniq_donald, uniq_arachne, uniq_jorgrun
Spider:3: layout_spider_delve, nicolae_spider_circle_web, uniq_azrael
Spider:4: johnstein_spider_rune_arachne_lair, zaba_antful_of_joy
Slime:1:  layout_caves, cheibrodos_slime_lost_civilization_4
Slime:2:  cheibrodos_slime_lost_civilization_2, layout_caves,
          cheibrodos_slime_lost_civilization_6
Orc:1:    layout_caves, basic_altar
Orc:2:    grunt_orc_tribal_feast, layout_caves, lemuel_statue_altar
Elf:1:    layout_loops_cross, portal_ice_cave_entry_ice_statue_one,
          minmay_elf_sorcery, grunt_ministairs_5, uniq_agnes
IceCv:    ice_cave_caverns_01

Skill      XL: |  1  2  3  4  5  6  7  8  9 10 11 12 13 14 15 16 17 18 19 |
---------------+----------------------------------------------------------+-----
Axes           | 3 5 6 8 10 11 13 15 16 17 18 19 20 21 | 21.7
Fighting       | 4 5 6 7 9 10 11 12 13 14 15 16 17 18 | 18.2
Armour         | 4 5 6 7 8 9 10 | 10.0
Shields        | 4 5 6 7 9 10 11 12 13 15 16 17 | 17.7
Dodging        | 1 2 3 4 5 6 7 8 9 10 11 | 11.0
Stealth        | 1 2 3 4 5 6 |  6.1
Throwing       | 1 2 3 4 5 6 |  6.8
Evocations     | 2 3 4 |  4.3

Action                   |  1- 3 |  4- 6 |  7- 9 | 10-12 | 13-15 | 16-18 | 19-21 || total
-------------------------+-------+-------+-------+-------+-------+-------+-------++-------
Melee: War axe           |   104 |   174 |   431 |   643 |   679 |  1184 |   319 ||  3534
Throw: Boomerang         |       |       |     4 |    83 |    42 |    71 |    10 ||   210
Invok: Curse Item        |       |       |     5 |     2 |     1 |       |     1 ||     9
       Scrying           |       |       |       |       |     2 |       |       ||     2
 Abil: Evoke Berserk Rag |       |       |       |       |     4 |     7 |     1 ||    12
Evoke: Wand              |       |       |       |     2 |    17 |       |       ||    19
  Use: Potion            |     1 |       |     1 |     8 |       |     3 |     1 ||    14
       Scroll            |       |    12 |    10 |    11 |     8 |     6 |     3 ||    50
 Stab: Sleeping          |       |       |     2 |     1 |    10 |     4 |     3 ||    20
       Confused          |       |       |       |     2 |       |       |       ||     2
       Petrified         |       |       |       |       |       |    11 |       ||    11
       Distracted        |       |       |       |       |       |     2 |       ||     2
  Eat: Chunk             |       |     6 |    12 |    20 |    20 |    21 |     5 ||    84
       Ration            |       |       |       |     2 |     2 |     5 |     1 ||    10
Armor: Scale mail        |    78 |    95 |    35 |       |       |       |       ||   208
       Ring mail         |       |       |   190 |   215 |   187 |   409 |    77 ||  1078
Dodge: Dodged            |    36 |    67 |   154 |   240 |   372 |   774 |   155 ||  1798
Block: Kite shield       |    85 |   105 |   224 |   297 |   515 |  1116 |   285 ||  2627
